 Dungeon Crawl Stone Soup version 0.26-a0-737-g4e9f4955e2 (webtiles) character file.

Game seed: 11742880102240935607

63 mattiecakes the Skirmisher (level 4, -2/37 HPs)
             Began as a Barachi Fighter on Nov 5, 2020.
             Slain by Sigmund
             ... wielding a +0 scythe
              (11 damage)
             ... on level 3 of the Dungeon.
             The game lasted 00:02:18 (1355 turns).

mattiecakes the Skirmisher (Barachi Fighter)        Turns: 1355, Time: 00:02:18

Health: -2/37      AC: 11    Str: 19    XL:     4   Next: 10%
Magic:  4/4        EV:  8    Int:  8    God:
Gold:   56         SH:  9    Dex: 11    Spells: 3/3 levels left

rFire    . . .     SeeInvis .   a - +0 long sword
rCold    . . .     Faith    .   c - +0 kite shield
rNeg     . . .     Spirit   .   b - +0 scale mail
rPois    .         Reflect  .   h - +2 hat
rElec    .         Harm     .   f - +0 cloak
rCorr    .         Rampage  .   e - +0 pair of gloves
MR       .....                  (no boots)
Stlth    ..........             n - amulet of the acrobat
HPRegen  0.12/turn              (no ring)
MPRegen  0.09/turn              (no ring)

@: mighty, berserk cooldown, slowed, very slow
A: +LOS, swims, slowness 1, strong legs 1
a: Hop


You were on level 3 of the Dungeon.
You visited 1 branch of the dungeon, and saw 3 of its levels.

You collected 56 gold pieces.

Inventory:

Hand Weapons
 a - a +0 long sword (weapon)
 k - a cursed -1 spear
Armour
 b - a +0 scale mail (worn)
 c - a +0 kite shield (worn)
 e - a +0 pair of gloves (worn)
 f - a +0 cloak (worn)
 h - a +2 hat (worn)
Jewellery
 n - an amulet of the acrobat (around neck)
Scrolls
 g - 3 scrolls of teleportation
 i - 2 scrolls of remove curse
 j - a scroll of immolation {unknown}
 l - 2 scrolls of fog {unknown}
 r - a scroll of identify
Potions
 p - a potion of haste {unknown}
 q - a potion of heal wounds {unknown}
 s - a potion of magic


   Skills:
 + Level 4.2 Fighting
 + Level 3.1 Long Blades
 + Level 4.2 Armour
 + Level 1.4 Dodging
 + Level 3.7 Shields


You had 3 spell levels left.
You didn't know any spells.
Your spell library was empty.

Dungeon Overview and Level Annotations

Branches:
Dungeon (3/15)

Altars:

Annotations:
D:3 Grinder, Sigmund


Innate Abilities, Weirdness & Mutations

You can be seen from farther away. (+LOS)
You can swim through water.
You cover ground slowly.
You can hop short distances.


Message History

* * * LOW HITPOINT WARNING * * *
You bump into the rock wall.
Something hits you.
* * * LOW HITPOINT WARNING * * *
You bump into the rock wall.
You feel a strong urge to attack something.
The worm closely misses you.
You bump into the rock wall.
Something hits you.
* * * LOW HITPOINT WARNING * * *
You completely miss something. The worm barely misses you.
You're too confused to move!
You are no longer berserk.
You are exhausted.
You feel yourself slow down.
You feel better. Something hits you but does no damage.
The worm bites you but does no damage.
A frilled lizard comes into view.
It was a potion of magic.
Magic courses through your body.
The frilled lizard hisses angrily.
Something hits you!
You die...

#.........
##........ ......l#
.......##
#######.......#
#.............#
##.........#
#{w##.....## . #@##
#....... .. #.#
.#####. .. ##.# #
#.###..# # .
#.....## .# ..
####...# .###.#
#.....#.#####.....##
#######.......[.....
####.......#


You could see a worm and a frilled lizard.

Vanquished Creatures
  An adder (D:2)
  An ooze (D:2)
  2 worms (D:2)
  A dart slug (D:1)
  2 leopard geckos (D:1)
  An orc (D:2)
  3 ball pythons
  A giant cockroach (D:2)
  5 goblins
  2 hobgoblins (D:2)
  5 bats
  3 frilled lizards
  8 kobolds
  7 rats
42 creatures vanquished.

Notes
Turn   | Place    | Note
-------+----------+-------------------------------------------
     0 | D:1      | mattiecakes the Barachi Fighter began the quest for the
                  | Orb.
     0 | D:1      | Reached XP level 1. HP: 18/18 MP: 1/1
    69 | D:1      | Reached XP level 2. HP: 23/25 MP: 2/2
   337 | D:1      | Reached skill level 1 in Dodging
   439 | D:1      | Reached XP level 3. HP: 30/30 MP: 3/3
  1231 | D:2      | Reached XP level 4. HP: 37/37 MP: 4/4
  1320 | D:3      | Noticed Grinder
  1323 | D:3      | Noticed Sigmund
  1355 | D:3      | Slain by Sigmund

Illustrated notes

Levels and vault maps discovered:
D:1:      scummos_arrival_star, layout_loops_cross
D:2:      layout_basic
D:3:      layout_rooms, lemuel_crystal_altar, uniq_ijyb, uniq_grinder,
          uniq_sigmund

Skill      XL: |  1  2  3 |
---------------+----------+-----
Dodging        | 1 |  1.4
Armour         | 4 |  4.2
Fighting       | 4 |  4.2
Long Blades    | 3 |  3.1
Shields        | |  3.7

Action                   |  1- 3 |  4- 6 || total
-------------------------+-------+-------++-------
Melee: Long sword        |    97 |    22 ||   119
  Use: Scroll            |     3 |       ||     3
       Potion            |       |     5 ||     5
Armor: Scale mail        |    41 |     9 ||    50
Dodge: Dodged            |    26 |     8 ||    34
Block: Kite shield       |    58 |    10 ||    68
       Rpst.: Long sword |    10 |     1 ||    11

Table legend: (Time is in decaauts)
 A = Elapsed time spent in this place.
 B = Non-inter-level travel time spent in this place.
 C = Inter-level travel time spent in this place.
 D = Time resting spent in this place.
 E = Time spent auto-exploring this place.
 F = Levels seen in this place.
 G = Mean time per level.
                   A        B        C        D        E       F      G
               +--------+--------+--------+--------+--------+-----+--------+
         Total |   1569 |   1490 |     79 |     57 |   1079 |   3 |  523.0 |
       Dungeon |   1569 |   1490 |     79 |     57 |   1079 |   3 |  523.0 |
               +--------+--------+--------+--------+--------+-----+--------+

Top non-repeatable levels by time:
     D:2: 762 daAuts
     D:1: 753 daAuts
     D:3: 52 daAuts
